 Dungeon Crawl Stone Soup version 0.17-a0-702-gb3a3556 (webtiles) character file.

2485 Fluffy the Skirmisher (level 9, -7/74 HPs)
             Began as a Human Fighter on Apr 19, 2015.
             Was a Follower of Okawaru.
             Killed by divine providence
             ... invoked by an orc priest
              (15 damage)
             ... on level 6 of the Dungeon.
             The game lasted 00:24:54 (9833 turns).

Fluffy the Skirmisher (Human Fighter)               Turns: 9833, Time: 00:24:55

Health: -7/74      AC: 17    Str: 18    XL:     9   Next: 81%
Magic:  11/11      EV:  3    Int:  8    God:    Okawaru [*.....]
Gold:   432        SH:  9    Dex: 15    Spells: 0 memorised, 8 levels left

rFire  . . .     SeeInvis .     a - +0 long sword
rCold  . . .     Clarity  .     E - +0 plate armour
rNeg   + . .     SustAb   .     c - +0 shield
rPois  .         Gourm    .     e - +0 helmet
rElec  .         Spirit   .     u - +0 cloak
rCorr  .         Warding  .     l - +0 pair of gloves
rMut   .         Stasis   .     (no boots)
MR     .....                    (no amulet)
Stlth  ..........               (no ring)
                                y - ring of positive energy

@: very slightly contaminated, not resistant to hostile enchantments, extremely
unstealthy
A: no striking features
a: Heroism, Renounce Religion


You were on level 6 of the Dungeon.
You worshipped Okawaru.
Okawaru was aware of your devotion.
You were hungry.

You visited 2 branches of the dungeon, and saw 7 of its levels.

You collected 432 gold pieces.

Inventory:

Hand weapons
 a - a +0 long sword (weapon)
Armour
 c - a +0 shield (worn)
 e - a +0 helmet (worn)
 l - a +0 pair of gloves (worn)
 s - a +2 scale mail of fire resistance
 u - a +0 cloak (worn)
 E - a +0 plate armour (worn)
Jewellery
 y - a ring of positive energy (left hand)
Magical devices
 q - a wand of random effects (33)
Scrolls
 k - a scroll of enchant weapon {unknown}
 m - a scroll of teleportation {unknown}
 n - 3 scrolls of noise {unknown}
 o - 7 scrolls of remove curse
 p - a scroll of blinking {unknown}
 t - 2 scrolls of enchant armour {unknown}
 x - 2 scrolls of recharging {unknown}
 F - a scroll of acquirement {unknown}
Potions
 b - a potion of mutation {unknown}
 j - 4 potions of cure mutation
 r - a potion of restore abilities
 v - a potion of lignification {unknown}
 w - 2 potions of flight {unknown}
 z - a potion of brilliance {unknown}
 A - a potion of might
 B - 2 potions of curing
 C - a potion of poison {unknown}
Comestibles
 d - 3 bread rations
 h - 3 beef jerkies


   Skills:
 + Level 7.8 Fighting
 + Level 7.0 Long Blades
 + Level 7.8 Armour
 - Level 3.0 Shields
 + Level 3.1 Invocations


You had 8 spell levels left.
You didn't know any spells.

Dungeon Overview and Level Annotations

Branches:
Dungeon (6/15)             Temple (1/1) D:5

Altars:
Ashenzari
Cheibriados
Dithmenos
Fedhas
Gozag
Kikubaaqudgha
Makhleb
Nemelex Xobeh
Okawaru
Qazlal
Ru
Sif Muna
Trog
Vehumet
Xom
Yredelemnul
Zin
The Shining One


Message History

The orc priest prays to Beogh.
You feel troubled.
You hit the orc priest but do no damage.
The orc priest hits you with a hand axe.
* * * LOW HITPOINT WARNING * * *
Drink which item? (? for menu, Esc to quit)
You feel better.
The orc priest hits you but does no damage.
Drink which item? (? for menu, Esc to quit)
Okay, then.
You hit the orc priest but do no damage.
The orc priest calls down the wrath of Beogh upon you.
Something smites you!
* * * LOW HITPOINT WARNING * * *
You block the orc priest's attack.
You hit the orc priest.
The orc priest is moderately wounded.
The orc priest mumbles some strange prayers to Beogh against you.
Something smites you!
You die...

#.......#
#.......#
######.......#
.............#
###..#.......#
##..#.......#
#...........#
##..##########
### .....##
#@#
......#####
##o#
...[...#..#
#.o#
...)......#
#..#
....<..#..#
##..#
.......#.##
##...#
.......#.#
##....##
......#..#
#......#
.....##.##
#......#


You could see 2 orc priests.

Vanquished Creatures
  Sigmund (D:4)
  2 orc warriors (D:5)
  A sky beast (D:5)
  A phantom (D:4)
  An ogre (D:5)
  4 big kobolds (D:3)
  A centaur (D:4)
  A gnoll sergeant (D:4)
  2 giant frogs (D:6)
  A centaur zombie (D:6)
  4 hounds
  A crimson imp (D:6)
  6 orc wizards
  9 orc priests
  Ijyb (D:3)
  Terence (D:3)
  Natasha (twice) (D:2)
  A gnoll shaman (D:6)
  5 worker ants
  Robin (D:3)
  10 adders
  13 gnolls
  A shadow imp (D:3)
  An ooze (D:4)
  An adder skeleton (D:5)
  6 worms
  6 giant geckos
  38 orcs
  26 bats
  A bat skeleton (D:6)
  A bat zombie (D:6)
  5 giant cockroaches
  21 hobgoblins
  3 jackals (D:1)
  47 kobolds
  5 quokkas
  2 ball pythons
  A ball python skeleton (D:4)
  A giant cockroach zombie (D:5)
  2 giant gecko skeletons
  3 giant newts
  25 goblins
  7 rats
272 creatures vanquished.

Notes
Turn   | Place    | Note
--------------------------------------------------------------
     0 | D:1      | Fluffy, the Human Fighter, began the quest for the Orb.
     0 | D:1      | Reached XP level 1. HP: 18/18 MP: 1/1
    72 | D:1      | Reached XP level 2. HP: 20/24 MP: 2/2
   382 | D:1      | Reached XP level 3. HP: 27/29 MP: 3/3
  1107 | D:2      | Noticed Natasha
  1114 | D:2      | Killed Natasha
  1114 | D:2      | Reached XP level 4. HP: 25/37 MP: 4/4
  1643 | D:2      | Reached skill level 4 in Fighting
  1794 | D:2      | Reached XP level 5. HP: 27/42 MP: 5/5
  2053 | D:2      | Noticed Natasha
  2064 | D:2      | Killed Natasha
  2268 | D:2      | Found a bloodstained altar of Trog.
  3214 | D:3      | Noticed Terence
  3248 | D:3      | Killed Terence
  3248 | D:3      | Reached XP level 6. HP: 26/49 MP: 6/6
  3524 | D:3      | Noticed Ijyb
  3544 | D:3      | Killed Ijyb
  3717 | D:3      | Noticed Robin
  3748 | D:3      | Killed Robin
  4240 | D:3      | Reached skill level 5 in Fighting
  4240 | D:3      | Reached skill level 5 in Armour
  4240 | D:3      | Reached XP level 7. HP: 47/56 MP: 7/7
  5037 | D:3      | Found a shadowy altar of Dithmenos.
  5286 | D:3      | Reached skill level 5 in Long Blades
  5286 | D:3      | Reached XP level 8. HP: 57/64 MP: 8/8
  5511 | D:4      | Found a radiant altar of Vehumet.
  5610 | D:4      | Reached skill level 6 in Armour
  6113 | D:4      | Noticed Sigmund
  6129 | D:4      | Killed Sigmund
  7031 | D:5      | Entered Level 5 of the Dungeon
  7089 | D:5      | Reached XP level 9. HP: 49/71 MP: 9/9
  7300 | D:5      | Reached skill level 7 in Armour
  8179 | D:5      | Found an iron altar of Okawaru.
  8179 | D:5      | Found a shimmering altar of Xom.
  8181 | D:5      | Found a sacrificial altar of Ru.
  8286 | D:5      | Found a staircase to the Ecumenical Temple.
  8291 | Temple   | Entered the Ecumenical Temple
  8512 | D:5      | Became a worshipper of Warmaster Okawaru
  8630 | D:6      | Reached skill level 1 in Invocations
  9374 | D:5      | Acquired Okawaru's first power
  9833 | D:6      | Killed from afar by an orc priest

Action                   |  1- 3 |  4- 6 |  7- 9 || total
-------------------------+-------+-------+-------++-------
Melee: Long sword        |    91 |   363 |   868 ||  1322
Evoke: Wand              |       |       |     1 ||     1
  Use: Potion            |       |     1 |     2 ||     3
       Scroll            |       |       |     7 ||     7
 Stab: Invisible         |       |       |     4 ||     4
  Eat: Chunk             |     1 |    10 |    20 ||    31
